 Dungeon Crawl Stone Soup version 0.17-a0-1880-gacf7e67 (webtiles) character file.

56 barthelm the Insei (level 3, -13/29 HPs)
             Began as a Vampire Monk on Sept 21, 2015.
             Mangled by a gnoll
             ... wielding a +0 flail
              (15 damage)
             ... on level 2 of the Dungeon.
             The game lasted 00:06:31 (1033 turns).

barthelm the Insei (Vampire Monk)                   Turns: 1033, Time: 00:06:31

Health: -13/29     AC:  2    Str: 10    XL:     3   Next: 71%
Magic:  3/3        EV: 14    Int: 12    God:
Gold:   79         SH:  0    Dex: 17    Spells: 0 memorised, 2 levels left

rFire  + . .     SeeInvis +       - Unarmed
rCold  x . .     Clarity  .     a - +0 robe
rNeg   . . .     SustAt   .     (no shield)
rPois  .         Gourm    .     (no helmet)
rElec  .         Spirit   .     (no cloak)
rCorr  .         Warding  .     (no gloves)
rMut   .         Stasis   .     (no boots)
MR     .....                    (no amulet)
Stlth  +++.......               (no ring)
                                c - ring of fire

@: regenerating quickly, not resistant to hostile enchantments, fairly stealthy
A: fangs 3, see invisible, unbreathing
a: no special abilities


You were on level 2 of the Dungeon.
You were very full.

You visited 1 branch of the dungeon, and saw 2 of its levels.

You collected 79 gold pieces.

Inventory:

Armour
 a - a +0 robe (worn)
Jewellery
 c - a ring of fire (left hand)
Scrolls
 e - 3 scrolls of identify {unknown}
 g - a scroll of remove curse {unknown}
 h - a scroll of teleportation {unknown}
 i - a scroll of blinking {unknown}
 j - a scroll of noise {unknown}
 m - a scroll of magic mapping {unknown}
 o - a scroll of enchant weapon {unknown}
Potions
 b - 2 potions of blood
 d - 2 potions of might {unknown}
 f - 3 potions of curing {unknown}
 k - a potion of poison {unknown}
 l - a potion of magic {unknown}
 p - a potion of degeneration {unknown}
Books
 n - a book of Envenomations

   Spells                             Type                      Level
   a - Spider Form                    Transmutation/Poison         3
   b - Alistair's Intoxication        Transmutation/Poison         4
   c - Olgreb's Toxic Radiance        Poison                       4
   d - Poisonous Cloud                Conjuration/Poison/Air       6


   Skills:
 + Level 3.1 Fighting
 + Level 4.0 Dodging
 + Level 3.4 Stealth
 + Level 4.9 Unarmed Combat


You had 2 spell levels left.
You didn't know any spells.

Dungeon Overview and Level Annotations

Branches:
Dungeon (2/15)

Altars:


Innate Abilities, Weirdness & Mutations

Your natural rate of healing is unusually fast.
You have razor-sharp teeth.
You have supernaturally acute eyesight.
You can survive without breathing.


Message History

You barely miss the gnoll. You bite the gnoll.
The gnoll is severely wounded.
The gnoll barely misses you. The gnoll misses you. The gnoll barely misses you.
You hit the gnoll.
You kill the gnoll!
Your Dodging skill increases to level 4!
The gnoll hits you with a flail. The gnoll misses you.
You closely miss the gnoll. The gnoll hits you with a flail!
The gnoll hits you with a club.
* * * LOW HITPOINT WARNING * * *
You are too injured to fight recklessly!
You are too injured to fight recklessly!
You are too injured to fight recklessly!
You are too injured to fight recklessly!
You barely miss the gnoll. Your bite misses the gnoll.
The gnoll hits you with a club!
* * * LOW HITPOINT WARNING * * *
The gnoll hits you with a flail!
Ouch! That really hurt!
You die...

..........#.#
.###..###.#.#####.#
## ##.# #..........
.### #.# ###.#####.
... #.# #.# #.## #.#
#.# ##...## #.# #.#
##.....##
#.#####.#####.).....#
#.##........@gg.....#
#.##.########.......#
#####.##.# ##........
......##.# ##...####
#####.##.# ####
#####.##.# ....#.##.#
###.#.##.#######
#.#.##........


You could see 2 gnolls.

Vanquished Creatures
  A gnoll (D:2)
  An adder (D:2)
  An ooze (D:2)
  2 ball pythons (D:1)
  4 bats
  A giant cockroach (D:1)
  6 hobgoblins (D:1)
  5 jackals (D:1)
  2 giant geckos (D:1)
  4 goblins
  2 kobolds (D:1)
  5 rats
34 creatures vanquished.

Notes
Turn   | Place    | Note
--------------------------------------------------------------
     0 | D:1      | barthelm the Vampire Monk began the quest for the Orb.
     0 | D:1      | Reached XP level 1. HP: 17/17 MP: 1/1
   187 | D:1      | Reached XP level 2. HP: 17/23 MP: 2/2
   525 | D:1      | Reached XP level 3. HP: 29/29 MP: 3/3
  1031 | D:2      | HP: 1/29 [gnoll/club (7)]
  1033 | D:2      | Mangled by a gnoll

Vault maps used:
D:1:      minmay_arrival_solitary_statue, minivault_24,
          kennysheep_pointless_box, hangedman_decor_push,
          minmay_misc_feat_plants, minmay_ruptured
D:2:      first_bread

Action                   || total
-------------------------++-------
Melee: Unarmed           ||    97
 Stab: Sleeping          ||     6
  Eat: Corpse            ||    11
